 Dungeon Crawl Stone Soup version 0.26.1-11-gd32895ea62 (webtiles) character file.

Game seed: 1813955771600640134

290428 porpoise the Warrior (level 21, -8/129 (140) HPs)
             Began as a Halfling Wanderer on July 10, 2021.
             Was the Champion of Ru.
             Mangled by Muvus's ghost (37 damage)
             ... on level 2 of the Vaults on July 14, 2021.
             The game lasted 04:36:30 (58187 turns).

porpoise the Warrior (Halfling Wanderer)           Turns: 58187, Time: 04:36:30

HP:   -8/129 (140)  AC: 24    Str: 27    XL:     21   Next: 63%
MP:   22/26         EV: 24    Int: 13    God:    Ru [******]
Gold: 2552          SH: 17    Dex: 16    Spells: 20/26 levels left

rFire    + + .     SeeInvis .   a - +5 eveningstar (vorpal)
rCold    x . .     Faith    .   P - +1 kite shield {reflect}
rNeg     + . .     Spirit   .   R - +3 scale mail {rN+}
rPois    +         Reflect  +   r - +0 helmet
rElec    .         Harm     .   o - +1 cloak of Insatiable Hunger {rPois rC- Str+7}
rCorr    .         Rampage  .   t - +0 pair of gloves (curse)
Will     ++...                  D - +0 pair of boots
Stlth    ..........             F - amulet of Lairof {Acrobat rF+ Int+4 Stlth-}
HPRegen  0.31/turn              k - +4 ring of protection
MPRegen  0.20/turn              T - ring "Bexkileps" {rF+ Will+ Stlth+}

@: exhausted, very slightly contaminated, drained, invisible
A: small, dopey 1, frail 1, mutation resistance 1, no stealth, inability to use
devices, no poison magic, no translocations magic, no transmutations magic,
disrupted magic 1
}: 2/15 runes: serpentine, barnacled
a: Renounce Religion, Draw Out Power, Power Leap, Apocalypse


You were on level 2 of the Vaults.
You worshipped Ru.
Ru was exalted by your worship.
You visited 6 branches of the dungeon, and saw 33 of its levels.
You visited 1 bazaar.
You also visited: Bailey.

You collected 4963 gold pieces.
You spent 2411 gold pieces at shops.

Inventory:

Hand Weapons
 a - a +5 vorpal eveningstar (weapon)
 b - the +10 hunting sling of Tender Mercy {flame, Int+4 Dex+3 SInv Stlth+}
   (You acquired it on level 5 of the Lair of Beasts)

   It causes projectiles fired from it to burn those they strike, causing extra
   injury to most foes and up to half again as much damage against particularly
   susceptible opponents.
   It affects your intelligence (+4).
   It affects your dexterity (+3).
   It lets you see invisible.
   It makes you more stealthy.
Missiles
 g - 697 stones
 j - 11 curare-tipped darts
 v - 2 boomerangs
 w - 19 poisoned darts
 y - 248 sling bullets
 J - 10 boomerangs of dispersal
 M - 13 throwing nets
Armour
 o - the +1 cloak of Insatiable Hunger (worn) {rPois rC- Str+7}
   (You acquired it on level 9 of the Dungeon)

   It affects your strength (+7).
   It makes you vulnerable to cold.
   It protects you from poison.
 r - a +0 helmet (worn)
 t - a cursed +0 pair of gloves (worn)
 x - +0 fire dragon scales
 D - a +0 pair of boots (worn)
 P - a +1 kite shield of reflection (worn)
 R - a +3 scale mail of positive energy (worn)
Jewellery
 k - a +4 ring of protection (left hand)
 F - the amulet of Lairof (around neck) {Acrobat rF+ Int+4 Stlth-}
   (You acquired it on level 1 of the Shoals)

   [amulet of the acrobat]

   It helps you evade while moving and waiting.
   It affects your intelligence (+4).
   It protects you from fire.
   It makes you less stealthy.
 N - an uncursed ring of ice
 T - the ring "Bexkileps" (right hand) {rF+ Will+ Stlth+}
   (You found it on level 2 of the Shoals)

   [ring of willpower]

   It protects you from fire.
   It affects your willpower, your defense against some magical effects.
   It makes you more stealthy.
Scrolls
 c - a scroll of silence
 d - 21 scrolls of teleportation
 e - 7 scrolls of fear
 n - 4 scrolls of blinking
 p - 4 scrolls of fog
 q - 12 scrolls of remove curse
 z - 6 scrolls of magic mapping
 A - 15 scrolls of identify
 C - a scroll of immolation
 I - 4 scrolls of summoning
Potions
 f - a potion of might
 h - a potion of mutation
 i - 2 potions of attraction
 m - 5 potions of flight
 s - 2 potions of resistance
 u - 15 potions of curing
 B - 4 potions of lignification
 E - 4 potions of ambrosia
 G - 8 potions of heal wounds
 K - a potion of cancellation


   Skills:
 + Level 17.0 Fighting
 - Level 2.7 Short Blades
 - Level 16.0 Maces & Flails
 - Level 11.9(12.0) Slings
 - Level 1.1 Bows
 - Level 1.0(5.4) Throwing
 - Level 14.0 Armour
 - Level 16.0 Dodging
 + Level 16.2 Shields
 - Level 1.0 Unarmed Combat
 - Level 3.4 Spellcasting
 - Level 3.6 Necromancy
 - Level 4.4 Earth Magic


You had 20 spell levels left.
You knew the following spells:

 Your Spells              Type           Power        Failure   Level
c - Corona                Hex            2%           61%         1
v - Borgnjor's Vile Clut  Necr/Erth      6%           98%         5

Your spell library contained the following spells:

 Spells                   Type           Power        Failure   Level
 Animate Skeleton         Necr           22%          21%         1
 Corpse Rot               Necr/Air       N/A          50%         2
 Foxfire                  Conj/Fire      8%           61%         1
 Magic Dart               Conj           8%           61%         1
 Summon Small Mammal      Summ           8%           61%         1
 Stone Arrow              Conj/Erth      14%          67%         3
 Call Imp                 Summ           2%           75%         2
 Searing Ray              Conj           4%           75%         2
 Slow                     Hex            2%           75%         2
 Swiftness                Air            2%           75%         2
 Animate Dead             Necr           5%           86%         4
 Call Canine Familiar     Summ           2%           92%         3
 Confusing Touch          Hex            2%           92%         3
 Conjure Flame            Conj/Fire      2%           92%         3
 Dazzling Flash           Conj/Hex       4%           92%         3
 Summon Guardian Golem    Hex/Summ       2%           92%         3
 Lee's Rapid Deconstruct  Erth           6%           97%         5
 Cause Fear               Hex            1%           100%        4
 Fulminant Prism          Conj/Hex       1%           100%        4
 Sticky Flame             Conj/Fire      2%           100%        4
 Summon Ice Beast         Ice/Summ       2%           100%        4
 Summon Lightning Spire   Summ/Air       2%           100%        4
 Bolt of Magma            Conj/Fire/Erth 3%           100%        5
 Metabolic Englaciation   Hex/Ice        1%           100%        5
 Silence                  Hex/Air        1%           100%        5
 Conjure Ball Lightning   Conj/Air       1%           100%        6
 Death Channel            Necr           5%           100%        6
 Freezing Cloud           Conj/Ice/Air   1%           100%        6
 Invisibility             Hex            2%           100%        6
 Ozocubu's Refrigeration  Ice            1%           100%        6
 Simulacrum               Ice/Necr       3%           100%        6
 Starburst                Conj/Fire      1%           100%        6
 Summon Hydra             Summ           1%           100%        7
 Discord                  Hex            1%           100%        8
 Tornado                  Air            1%           100%        9
 Passwall                 Tmut/Erth      Unusable     N/A         2
 Apportation              Tloc           Unusable     N/A         1
 Beastly Appendage        Tmut           Unusable     N/A         1
 Sting                    Tmut/Pois      Unusable     N/A         1
 Blink                    Tloc           Unusable     N/A         2
 Poisonous Vapours        Pois/Air       Unusable     N/A         2
 Wereblood                Tmut           Unusable     N/A         2
 Gell's Gravitas          Tloc           Unusable     N/A         3
 Ignite Poison            Fire/Tmut/Pois Unusable     N/A         3
 Lesser Beckoning         Tloc           Unusable     N/A         3
 Mephitic Cloud           Conj/Pois/Air  Unusable     N/A         3
 Spider Form              Tmut/Pois      Unusable     N/A         3
 Teleport Other           Tloc           Unusable     N/A         3
 Petrify                  Tmut/Erth      Unusable     N/A         4
 Ice Form                 Ice/Tmut       Unusable     N/A         4
 Iskenderun's Mystic Bla  Conj/Tloc      Unusable     N/A         4
 Olgreb's Toxic Radiance  Pois           Unusable     N/A         4
 Passage of Golubria      Tloc           Unusable     N/A         4
 Blade Hands              Tmut           Unusable     N/A         5
 Summon Forest            Summ/Tloc      Unusable     N/A         5
 Yara's Violent Unravell  Hex/Tmut       Unusable     N/A         5
 Eringya's Noxious Bog    Tmut/Pois      Unusable     N/A         6
 Hydra Form               Tmut           Unusable     N/A         6

Dungeon Overview and Level Annotations

Branches:
Dungeon (15/15)            Temple (0/1) D:6            Lair (6/6) D:8
 Shoals (4/4) Lair:3        Snake (4/4) Lair:4        Slime (0/5) Lair:6
    Orc (2/2) D:9             Elf (0/3) Orc:2        Vaults (2/5) D:13
 Depths (0/5) D:15         Bailey (visited)
  Crypt: Vaults:2-3

Altars:
Ashenzari
Fedhas
Gozag
Qazlal
Ru
Trog
Uskayaw
The Shining One
Beogh
Jiyva

Shops:
D:6 (   D:8 =   D:11 (   D:15 }*[}}   Orc:2 (:[*   Shoals:1 :   Snake:2 *
Snake:4 [   Vaults:2 [

Annotations:
D:6 2 transporters, Noranon's ghost, amateur OpGl
D:7 2 transporters, vvl's ghost, novice DrTm
Lair:6 exclusion: 3 oklob plants
Snake:2 3 runed translucent doors, exclusion: obsidian statue, Cheops's ghost, adept KoEE
Snake:4 1 exclusion
Vaults:2 Muvus's ghost, adept DsFi; Olop's ghost, adept DsGl


Innate Abilities, Weirdness & Mutations

You are small and have problems with some larger weapons.
You are dopey. (Int -2)
You are frail. (-10% HP)
You are somewhat resistant to further mutation.
You cannot be stealthy.
You cannot study or use magical devices.
You cannot study or cast Poison magic.
You cannot study or cast Translocations magic.
You cannot study or cast Transmutations magic.
Your casting is slightly disrupted.


Message History

Your scale mail prevents you from hitting Muvus's ghost.
Muvus's ghost is almost destroyed.
Muvus's ghost closely misses you.
You redirect Olop's ghost's attack!
Olop's ghost closely misses Muvus's ghost.
You catch the helpless Muvus's ghost completely off-guard!
You hit Muvus's ghost but do no damage.
Muvus's ghost is almost destroyed.
Olop's ghost is stunned by your conviction and fails to attack.
You hit Muvus's ghost but do no damage.
Muvus's ghost is almost destroyed.
You block Muvus's ghost's attack.
You miss Muvus's ghost.
Muvus's ghost is almost destroyed.
Olop's ghost hits you!!
* * * LOW HITPOINT WARNING * * *
You focus your inner power and paralyse Olop's ghost in retribution!
As you read the scroll of summoning, it crumbles to dust.
Wisps of shadow whirl around you... Muvus's ghost hits you!!!
You die...

#......#********** *,,'...
#......#8=.|8)..8# ***####
########?.......!# #.........#
#.........# #⌠.......⌠#
#...e..e..# ####'uW####
#e...W@.p.# #...p..u..#
##############e#''###############
..................u..........(...
............ee................(..
.................................
.................................
######'#################'#######.
#......# #...#...#)..# #)


You could see Muvus's ghost, Olop's ghost (paralysed), a friendly ironheart
preserver (summoned), 3 friendly ugly things, a friendly deep elf sorcerer
(summoned), 2 friendly deep elf demonologists, a friendly vault sentinel
(summoned), a friendly deep elf archer (summoned, repels missiles) and 2
friendly deep elf magi.

Vanquished Creatures
  The ghost of Bidatih the Peltast, an adept MiBe of Trog (Vaults:2)
  Jorgrun (Orc:2)
  2 krakens
  Gastronok (D:9)
  Ilsuiw (Shoals:3)
  A fire giant (Vaults:2)
  11 nagarajas
  A deep elf sorcerer (Vaults:1)
  A vault warden (Vaults:1)
  2 caustic shrike zombies (D:15)
  An orc warlord (Orc:2)
  Louise (Shoals:3)
  A stone giant (Vaults:2)
  7 ironheart preservers
  Nessos (D:13)
  Snorg (D:10)
  A fire dragon (Vaults:2)
  4 merfolk javelineers
  4 merfolk impalers
  A deep elf death mage (Vaults:2)
  Josephine (Snake:1)
  A great orb of eyes (Vaults:2)
  A yaktaur captain (Vaults:2)
  An ice dragon (Vaults:2)
  Harold (D:7)
  2 vault guards (Vaults:1)
  15 naga warriors
  7 hydras
  10 anacondas
  A boulder beetle (D:15)
  5 merfolk avatars
  4 merfolk aquamancers (Shoals:4)
  6 centaur warriors
  Erica (D:9)
  3 death knights
  17 two-headed ogres
  2 deep troll shamans (Vaults:2)
  4 satyrs
  2 tengu warriors (D:14)
  Urug (D:14)
  5 orc high priests
  A death yak (Lair:5)
  7 ogre magi
  A vampire mage (D:15)
  7 shock serpents
  15 naga sharpshooters
  Nergalle (Lair:3)
  4 deep elf knights
  Sonja (Lair:3)
  A hell knight (D:14)
  3 unseen horrors
  4 skeletal warriors
  12 deep trolls
  3 salamander mystics (Snake:4)
  12 sea snakes
  8 naga ritualists
  3 deep elf archers
  A kraken simulacrum (Shoals:4)
  4 ironbrand convokers
  A wizard (Vaults:2)
  Pikel (D:4)
  A phantasmal warrior (D:15)
  11 harpies
  15 mana vipers
  13 orc knights
  4 deep elf magi
  11 salamanders
  7 orc sorcerers
  2 necromancers
  2 oklob plants (Snake:2)
  A tengu skeleton (D:15)
  43 ugly things
  11 manticores
  16 fauns
  A wolf spider zombie (D:15)
  Maurice (D:9)
  10 elephants
  6 cyclopes
  5 centaur zombies
  44 black mambas
  12 naga magi
  A fire giant skeleton (D:15)
  6 merfolk sirens
  13 guardian serpents
  4 vault sentinels (Vaults:2)
  Psyche (D:8)
  7 centaur skeletons
  2 gargoyles
  4 water nymphs (Shoals:4)
  6 cane toads
  3 torpor snails
  2 rime drakes
  11 yaktaurs
  8 komodo dragons
  A guardian mummy (D:15)
  4 freezing wraiths
  9 trolls
  A yaktaur skeleton (Vaults:2)
  2 tengu conjurers (D:15)
  3 meliai (D:13)
  5 polar bears
  10 hornets
  33 merfolk
  6 wind drakes
  A hornet (shapeshifter) (Vaults:2)
  12 blink frogs
  25 slime creatures
  5 dream sheep
  14 snapping turtles
  15 spriggans
  3 shadows
  52 yaks
  7 wraiths
  4 water elementals
  A vampire (D:13)
  5 wyverns
  A human (shapeshifter) (Vaults:2)
  2 steam dragons (D:6)
  A basilisk (Lair:2)
  3 wargs (Orc:1)
  A soldier ant (D:13)
  52 nagas
  A soldier ant (shapeshifter) (Vaults:2)
  27 water moccasins
  3 sky beasts
  45 orc warriors
  3 phantoms
  7 black bears
  An eye of draining (shapeshifter) (Vaults:2)
  5 necrophages
  19 ogres
  2 ice beasts (D:8)
  29 wolves
  3 boggarts (Lair:6)
  26 centaurs
  2 big kobolds (D:8)
  18 bullfrogs
  A water moccasin zombie (D:12)
  2 scorpions
  17 wights
  18 killer bees
  6 howler monkeys
  5 electric eels
  A quasit (D:7)
  7 hounds
  3 bullfrog zombies (D:6)
  21 orc priests
  5 jellies
  3 bullfrog skeletons
  An iguana (D:6)
  Terence (D:3)
  25 orc wizards
  6 hell rats (Lair:6)
  7 worker ants
  A hound zombie (D:10)
  Robin (D:4)
  2 howler monkey zombies
  A worker ant zombie (D:6)
  22 adders
  2 shadow imps
  2 white imps
  3 ufetubi
  An adder skeleton (D:6)
  5 worms
  A dart slug (D:2)
  An adder simulacrum (D:8)
  5 leopard geckos
  125 orcs
  7 giant cockroaches
  22 goblins
  10 hobgoblins
  10 jackals
  9 kobolds
  5 quokkas
  2 ball pythons
  7 bats
  7 frilled lizards
  A quokka zombie (D:6)
  8 rats
  6 tentacles
1372 creatures vanquished.

Vanquished Creatures (others)
  A merfolk impaler (Shoals:1)
  An anaconda (Snake:1)
  A merfolk aquamancer (Shoals:1)
  A two-headed ogre (D:9)
  A fire crab (shapeshifter) (Vaults:2)
  2 deep trolls (D:13)
  A wizard (Vaults:2)
  A necromancer (Vaults:2)
  An ugly thing (Vaults:1)
  A manticore (Shoals:1)
  3 naga magi
  A black mamba (Snake:2)
  A troll (D:11)
  A merfolk (Shoals:2)
  A blink frog (Lair:4)
  A snapping turtle (Lair:3)
  A water elemental (Shoals:4)
  2 yaks
  An ogre (Vaults:2)
  2 wolves
  A centaur (D:8)
  A killer bee (D:11)
  An orc (Vaults:1)
  A kobold (D:8)
  2 bushes (D:6)
  48 fungi
  130 plants
  7 tentacles (Shoals:4)
  14 withered plants
230 creatures vanquished.

Grand Total: 1602 creatures vanquished

Notes
Turn   | Place    | Note
-------+----------+-------------------------------------------
     0 | D:1      | porpoise the Halfling Wanderer began the quest for the Orb.
     0 | D:1      | porpoise set off with the following items: a +0 club, a
                  | potion of heal wounds, a +0 ring mail, a scroll of
                  | teleportation, a scroll of fear
     0 | D:1      | Reached XP level 1. HP: 11/11 MP: 1/1
   617 | D:1      | Reached skill level 1 in Fighting
   659 | D:1      | Reached skill level 1 in Slings
   659 | D:1      | Reached XP level 2. HP: 18/18 MP: 2/2
  1431 | D:2      | Reached XP level 3. HP: 24/24 MP: 3/3
  1647 | D:2      | Reached skill level 2 in Fighting
  1773 | D:2      | Found a sacrificial altar of Ru.
  1782 | D:2      | Became a worshipper of Ru the Awakened
  1945 | D:2      | Reached XP level 4. HP: 27/30 MP: 4/4
  2716 | D:3      | Reached skill level 3 in Fighting
  2726 | D:3      | Reached XP level 5. HP: 29/36 MP: 5/5
  2947 | D:3      | Noticed Terence
  2952 | D:3      | Killed Terence
  3304 | D:3      | Found a bloodstained altar of Trog.
  3380 | D:3      | Gained mutation: You cannot study or use magical devices.
                  | [Ru sacrifice]
  3380 | D:3      | Reached * piety under Ru
  3380 | D:3      | Reached ** piety under Ru
  3829 | D:4      | Noticed Robin
  3898 | D:4      | Found a broken altar of Ashenzari.
  3916 | D:4      | Reached XP level 6. HP: 43/43 MP: 6/6
  4009 | D:4      | Reached skill level 4 in Fighting
  4087 | D:4      | Noticed Pikel
  4117 | D:4      | Killed Pikel
  4118 | D:4      | Reached skill level 6 in Fighting
  4118 | D:4      | Reached skill level 5 in Armour
  4118 | D:4      | Reached XP level 7. HP: 46/53 MP: 7/7
  4119 | D:4      | Killed Robin
  4231 | D:4      | Reached XP level 8. HP: 42/58 MP: 8/8
  4671 | D:4      | Reached skill level 7 in Fighting
  5280 | D:5      | Entered Level 5 of the Dungeon
  5354 | D:5      | Gained mutation: You cannot study or cast Poison magic. [Ru
                  | sacrifice]
  5354 | D:5      | Gained mutation: You cannot study or cast Transmutations
                  | magic. [Ru sacrifice]
  5354 | D:5      | Gained mutation: You cannot study or cast Translocations
                  | magic. [Ru sacrifice]
  5354 | D:5      | Reached *** piety under Ru
  5876 | D:5      | Found a stormy altar of Qazlal.
  6852 | D:6      | Reached skill level 5 in Dodging
  6877 | D:6      | Found a transporter.
  6877 | D:6      | Noticed Noranon's ghost (amateur OpGl)
  6879 | D:6      | Found a transporter.
  6919 | D:6      | Reached XP level 9. HP: 64/64 MP: 9/9
  7075 | D:6      | Found a blossoming altar of Fedhas.
  7111 | D:6      | Found a staircase to the Ecumenical Temple.
  7116 | D:6      | Reached skill level 1 in Maces & Flails
  7641 | D:6      | Reached skill level 5 in Shields
  7664 | D:6      | Found Wuomeroe's Antique Weapon Emporium.
  7674 | D:6      | Bought a polished trident for 221 gold pieces
  7679 | D:6      | Identified the cursed +1 trident "Killer Bee's Foe"
                  | {freeze, rPois Str+3} (You bought it in a shop on level 6
                  | of the Dungeon)
  7730 | D:6      | Reached skill level 8 in Fighting
  7730 | D:6      | Reached skill level 5 in Stealth
  7730 | D:6      | Reached XP level 10. HP: 72/72 MP: 9/15
  7976 | D:6      | Reached skill level 5 in Maces & Flails
  7985 | D:6      | Reached skill level 1 in Short Blades
  8217 | D:7      | Gained mutation: You are frail. (-10% HP) [Ru sacrifice]
  8217 | D:7      | Reached **** piety under Ru
  8217 | D:7      | Reached ***** piety under Ru
  8488 | D:7      | Found a transporter.
  8532 | D:7      | Noticed vvl's ghost (novice DrTm)
  8535 | D:7      | Found a transporter.
  8565 | D:7      | Noticed Harold
  8586 | D:7      | Killed Harold
  8587 | D:7      | Reached skill level 9 in Fighting
  8587 | D:7      | Reached skill level 5 in Slings
  9717 | D:8      | Noticed a +0 hand axe
  9789 | D:8      | Found a hide-covered altar of Uskayaw.
  9790 | D:8      | Noticed a +0 hand axe
 10184 | D:8      | Reached XP level 11. HP: 60/72 MP: 16/16
 10323 | D:8      | Noticed Psyche
 10348 | D:8      | Killed Psyche
 10735 | D:8      | Found Efu Yzxo's Jewellery Emporium.
 10894 | D:8      | Found a glowing golden altar of the Shining One.
 11085 | D:8      | Found a staircase to the Lair.
 11172 | D:9      | Noticed Erica
 11199 | D:9      | Killed Erica
 11477 | D:9      | Found a flagged portal.
 11512 | Bailey   | Entered a bailey
 11841 | Bailey   | Noticed an orc knight
 11843 | Bailey   | Noticed an orc knight
 11853 | Bailey   | Noticed an orc knight
 11860 | Bailey   | Killed an orc knight
 12061 | Bailey   | Noticed an orc knight
 12086 | Bailey   | Killed an orc knight
 12087 | Bailey   | Reached skill level 10 in Slings
 12258 | Bailey   | Killed an orc knight
 12444 | Bailey   | Killed an orc knight
 12880 | D:9      | Identified a scroll of acquirement
 12880 | D:9      | Acquired the +1 cloak of Insatiable Hunger {rPois rC-
                  | Str+7}
 12932 | D:9      | Reached XP level 12. HP: 54/69 MP: 9/17
 13280 | D:9      | Found a staircase to the Orcish Mines.
 13407 | D:9      | Noticed Maurice
 13438 | D:9      | Killed Maurice
 13884 | D:9      | Noticed Gastronok
 13904 | D:9      | Killed Gastronok
 14147 | D:10     | Entered Level 10 of the Dungeon
 14164 | D:10     | Acquired a manual of Dodging
 14233 | D:10     | Noticed a two-headed ogre
 14235 | D:10     | Noticed Snorg
 14266 | D:9      | Killed a two-headed ogre
 14535 | D:10     | HP: 1/70 [Snorg (19)]
 14537 | D:10     | Killed Snorg
 14538 | D:10     | Reached skill level 10 in Dodging
 15440 | D:11     | Found Syorchio's Weapon Boutique.
 15454 | D:11     | Bought a +0 vorpal hunting sling for 42 gold pieces
 15541 | D:11     | Reached XP level 13. HP: 72/81 MP: 18/18
 16164 | D:11     | Acquired a +5 hunting sling of flaming
 16366 | D:12     | Noticed a five-headed hydra
 16380 | D:12     | Killed a five-headed hydra
 17298 | D:11     | Reached skill level 10 in Fighting
 17324 | D:11     | Reached skill level 10 in Armour
 18291 | D:13     | Learned a level 5 spell: Borgnjor's Vile Clutch
 18488 | D:13     | Reached XP level 14. HP: 76/89 MP: 10/19
 18573 | D:13     | Noticed Nessos
 18577 | D:13     | Killed Nessos
 18578 | D:13     | Reached skill level 11 in Fighting
 18867 | D:13     | Found a gate to the Vaults.
 19365 | Lair:1   | Entered Level 1 of the Lair of Beasts
 21536 | Lair:3   | Noticed Nergalle
 21971 | Lair:3   | Reached skill level 12 in Fighting
 21973 | Lair:3   | Learned a level 1 spell: Corona
 22354 | Lair:3   | Noticed Sonja
 22355 | Lair:3   | Killed Sonja
 22575 | Lair:3   | Found a staircase to the Shoals.
 22760 | Lair:3   | Killed Nergalle
 23379 | Lair:4   | Reached XP level 15. HP: 93/97 MP: 20/20
 23591 | Lair:4   | Found a staircase to the Snake Pit.
 24391 | Lair:5   | Reached skill level 15 in Dodging
 24776 | Lair:5   | Acquired the +10 hunting sling of Tender Mercy {flame,
                  | Int+4 Dex+3 SInv Stlth+}
 25571 | Lair:6   | Entered Level 6 of the Lair of Beasts
 25571 | Lair:6   | Found a viscous altar of Jiyva.
 25571 | Lair:6   | Found a staircase to the Slime Pits.
 26244 | Lair:6   | Gained mutation: You cannot be stealthy. [Ru sacrifice]
 26667 | Lair:6   | Reached skill level 10 in Maces & Flails
 28230 | D:14     | Reached XP level 16. HP: 97/104 MP: 21/21
 28309 | D:14     | Noticed Urug
 28330 | D:14     | Killed Urug
 28700 | D:14     | You fall into a shaft and drop 1 floor!
 28700 | D:15     | Entered Level 15 of the Dungeon
 28701 | D:15     | Gained mutation: Your casting is slightly disrupted. [Ru
                  | sacrifice]
 28703 | D:15     | Reached skill level 13 in Fighting
 28969 | D:15     | Found a staircase to the Depths.
 29263 | D:15     | Found Nekump's Antique Armour Shoppe.
 29329 | D:15     | Found a runed translucent door.
 29347 | D:15     | Found Gofovveb's Gadget Boutique.
 29496 | D:15     | Found Fizoogg's Assorted Antiques.
 29509 | D:15     | Bought a translucent leather armour for 203 gold pieces
 29519 | D:15     | Identified the +3 leather armour of the Sacrificial Victim
                  | {Dex+4} (You bought it in a shop on level 15 of the
                  | Dungeon)
 29657 | D:15     | Found Toxuak's Gadget Emporium.
 29991 | D:15     | Found Moejumu's Gadget Shoppe.
 30071 | D:15     | Reached skill level 14 in Fighting
 30072 | D:15     | Reached skill level 1 in Earth Magic
 30102 | D:15     | Reached skill level 1 in Necromancy
 30424 | D:15     | Found a roughly hewn altar of Beogh.
 30444 | D:15     | Reached XP level 17. HP: 109/109 MP: 22/22
 30744 | Orc:1    | Entered Level 1 of the Orcish Mines
 30946 | Orc:1    | Gained mutation: You are dopey. (Int -2) [Ru sacrifice]
 30946 | Orc:1    | Reached ****** piety under Ru
 31113 | Orc:2    | Entered Level 2 of the Orcish Mines
 31196 | Orc:2    | Noticed Jorgrun
 31215 | Orc:2    | Killed Jorgrun
 31773 | Orc:2    | Found a staircase to the Elven Halls.
 33704 | Orc:2    | Found Veeji's General Store.
 33705 | Orc:2    | Found Sibet's Book Boutique.
 33707 | Orc:2    | Found Tythrej's Antique Armour Boutique.
 33707 | Orc:2    | Found Rala's Antique Weapon Shop.
 33854 | Orc:2    | Bought a brightly glowing quick blade for 600 gold pieces
 33854 | Orc:2    | Identified the cursed +0 quick blade of Supply {vorpal,
                  | *Drain rN+ Str+7 Int-2} (You bought it in a shop on level 2
                  | of the Orcish Mines)
 33867 | Orc:2    | Bought a scroll of acquirement for 624 gold pieces
 33868 | Orc:2    | Acquired a +1 kite shield of reflection
 34216 | Snake:1  | Entered Level 1 of the Snake Pit
 35746 | Snake:1  | Noticed Josephine
 35785 | Snake:1  | Killed Josephine
 36006 | Snake:1  | You fall into a shaft and drop 1 floor!
 36051 | Snake:2  | Found a flickering gateway to a bazaar.
 36062 | Bazaar   | Entered a bazaar
 36065 | Bazaar   | Found Punusap's Magic Scroll Shop.
 36078 | Bazaar   | Found Esefytre's Jewellery Shop.
 36094 | Bazaar   | Found Dunu's Book Shop.
 36094 | Bazaar   | Found Hoshuo's Weapon Boutique.
 36171 | Bazaar   | Bought a scroll of magic mapping for 45 gold pieces
 36171 | Bazaar   | Bought a scroll of acquirement for 676 gold pieces
 36171 | Bazaar   | Acquired 598 gold pieces
 36373 | Snake:1  | Identified the +2 robe "Pasiaw" {Dex+2}
 37532 | Snake:2  | Found a runed translucent gate.
 37534 | Snake:2  | Found a runed translucent gate.
 37950 | Snake:2  | Reached skill level 10 in Shields
 38213 | Snake:2  | Reached XP level 18. HP: 101/117 MP: 23/23
 38568 | Snake:2  | Found a runed translucent gate.
 38575 | Snake:2  | Found an opulent altar of Gozag.
 38577 | Snake:2  | Found Feplep's Assorted Antiques.
 38577 | Snake:2  | Noticed Cheops's ghost (adept KoEE)
 39257 | Shoals:1 | Entered Level 1 of the Shoals
 39541 | Shoals:1 | Found Arodet's Book Shoppe.
 39597 | Shoals:1 | Acquired the amulet of Lairof {Acrobat rF+ Int+4 Stlth-}
 40171 | Shoals:1 | Noticed a kraken
 40174 | Shoals:1 | Killed a kraken
 41658 | Shoals:2 | Got a vibrating wooden ring
 41660 | Shoals:2 | Identified the ring "Bexkileps" {rF+ Will+ Stlth+} (You
                  | found it on level 2 of the Shoals)
 42320 | Shoals:2 | Got an ichor-stained hand axe
 42321 | Shoals:2 | Identified the cursed +1 hand axe of Dust {freeze, rF++
                  | Dex+3} (You found it on level 2 of the Shoals)
 42618 | Shoals:3 | Noticed Ilsuiw
 42647 | Shoals:3 | Killed Ilsuiw
 43193 | Shoals:3 | Noticed Louise
 43212 | Shoals:3 | Killed Louise
 44488 | Shoals:4 | Entered Level 4 of the Shoals
 44790 | Shoals:4 | Reached XP level 19. HP: 122/122 MP: 24/24
 46401 | Shoals:4 | Got a barnacled rune of Zot
 48039 | Snake:3  | Identified the Grimoire of Flames
 48869 | Snake:4  | Entered Level 4 of the Snake Pit
 48993 | Snake:4  | Found Vibab's Armour Shop.
 49204 | Snake:4  | Reached skill level 15 in Maces & Flails
 50350 | Snake:3  | Reached XP level 20. HP: 102/129 MP: 25/25
 51128 | Snake:4  | Reached skill level 15 in Fighting
 52512 | Snake:4  | Identified the +1 broad axe "Wirrod" {flame, *Noise rC-
                  | Str+9 Dex+5}
 52818 | Snake:4  | Got a serpentine rune of Zot
 53291 | Vaults:1 | Entered Level 1 of the Vaults
 54030 | Vaults:1 | You fall into a shaft and drop 1 floor!
 54848 | Vaults:1 | You fall into a shaft and drop 1 floor!
 54878 | Vaults:2 | Reached skill level 16 in Fighting
 55438 | Vaults:1 | Reached XP level 21. HP: 102/137 MP: 26/26
 55847 | Vaults:2 | Reached skill level 15 in Shields
 57312 | Vaults:2 | Found Loawneaf's Armour Shop.
 58067 | Vaults:2 | Found a runed translucent gate.
 58067 | Vaults:2 | Found a runed translucent gate.
 58070 | Vaults:2 | Found a runed translucent gate.
 58070 | Vaults:2 | Noticed Muvus's ghost (adept DsFi)
 58071 | Vaults:2 | Noticed Olop's ghost (adept DsGl)
 58071 | Vaults:2 | Noticed Bidatih's ghost (adept MiBe)
 58165 | Vaults:2 | Killed Bidatih's ghost
 58166 | Vaults:2 | Reached skill level 17 in Fighting
 58187 | Vaults:2 | Mangled by Muvus's ghost

Illustrated notes

Levels and vault maps discovered:
D:1:      minmay_arrival_solitary_statue, layout_basic
D:2:      layout_loops_ring, overflow_temple_1_default, minmay_diced_spiral
D:3:      layout_loops_corners, bloody_trog, uniq_terence
D:4:      layout_gridville, cheibrodos_ashenzari_chains,
          gup_sewer_entry_bubbles, minmay_ogre_servants, uniq_pikel, uniq_robin
D:5:      layout_basic, nicolae_qazlal_general_emergency
D:6:      cheibrodos_steamvent, layout_basic, fedhas_altar_decomposition,
          minmay_temple_entry_hall, serial_shops, shop, gammafunk_ghost_arena,
          dk_noncrumbling_4
D:7:      layout_loops_ring, gammafunk_ghost_arena, uniq_harold
D:8:      layout_rooms, kennysheep_mini, dancing_weapons_uskayaw,
          lair_entry_dummy, serial_ice, serial_ice_n, serial_ice_f,
          serial_ice_j, serial_ice_e, serial_ice_a, serial_ice_m,
          kennysheep_small_spiral, minmay_shop_enchanted_jewellery, the_bakery,
          uniq_psyche
D:9:      layout_basic, david_orc_4, enter_bailey_5, uniq_gastronok,
          uniq_maurice, uniq_erica
D:10:     layout_basic, uniq_snorg
D:11:     layout_big_octagon, serial_shops, shop
D:12:     layout_irregular_city
D:13:     layout_roguey, david_vaults_1, uniq_nessos
D:14:     layout_long_grid, lemuel_altar_in_water, sword_in_stone
D:15:     gammafunk_depths_entry_grave, layout_basic, serial_shops, shop,
          nicolae_shop_crystal, nicolae_shop_behind_doors, shop,
          nicolae_shop_competitors_out_of_business, lightli_church_of_beogh
Lair:1:   layout_regular_city, amcnicky_mini_pool_medium
Lair:2:   layout_chaotic_city, grunt_megastairs_3
Lair:3:   layout_small_grid, minmay_shoals_entry_hut,
          cheibrodos_lair_reptile_den, lemuel_fruit_tree, grunt_megastairs_2,
          uniq_sonja, uniq_nergalle
Lair:4:   layout_gridlike, minmay_snake_entry_six_corridors
Lair:5:   layout_layer_cave, serial_bayou, serial_bayou_pond_d,
          serial_bayou_crossing, serial_bayou_ford_a, serial_bayou_lagoon_b
Lair:6:   minmay_lair_end_enchanted_forest, layout_layer_cave, slime_altar_1,
          minmay_lair_oklob_chamber
Shoals:1: layout_shoals, serial_shops, shop
Shoals:2: layout_shoals
Shoals:3: layout_shoals, uniq_louise, uniq_ilsuiw
Shoals:4: shoals_end_grunt_ice, layout_shoals, nicolae_shoals_dead_sea_scrolls
Snake:1:  nicolae_snake_nest, layout_cave_pods, nrook_guardian_serpent_double,
          uniq_josephine
Snake:2:  dpeg_oklob_gauntlet, layout_gridlike, ebering_ghost_gozag,
          serial_shops, bzr_entry_water
Snake:3:  cheibrodos_snake_ritualist_ritual, layout_gridlike
Snake:4:  johnstein_snake_rune_scales, layout_cave_town, serial_shops,
          shop_fountains
Orc:1:    layout_caves
Orc:2:    st_orc_congregation, layout_caves, uniq_jorgrun
Vaults:1: vaults_dpeg_ring, ontoclasm_vaults_ring_large,
          vaults_room_ringed_pool, ontoclasm_vaults_ring_large,
          nicolae_vaults_little_squares_6, v_misc_32,
          ontoclasm_vaults_loading_screen, ontoclasm_vaults_loading_screen,
          layout_vaults_maze_snakey
Vaults:2: gammafunk_vaults_ghost_cemetery, vaults_mumra_chevron,
          nicolae_vaults_an_arrangement, v_misc_4, hangedman_vaults_slice,
          ontoclasm_vaults_chip, nicolae_vaults_network_star,
          nicolae_vaults_shelves_hall, vaults_room_door_ring,
          ontoclasm_vaults_ligature, ontoclasm_vaults_eye,
          ontoclasm_vaults_chip, layout_vaults_omnigrid, mu_enter_wizlab_4,
          serial_shops, shop

Skill      XL: |  1  2  3  4  5  6  7  8  9 10 11 12 13 14 15 16 17 18 19 20 21 |
---------------+----------------------------------------------------------------+-----
Fighting       | 1 2 3 6 7 8 9 10 12 14 16 17 | 17.0
Slings         | 1 2 3 4 6 10 11 | 11.9
Armour         | 5 6 7 9 11 12 14 | 14.0
Dodging        | 5 6 7 11 12 14 16 | 16.0
Shields        | 4 7 10 13 14 16 | 16.2
Maces & Flails | 4 5 6 7 8 10 12 13 15 16 | 16.0
Stealth        | 5 7 0 |  0.0
Spellcasting   | 3 |  3.4
Short Blades   | 2 |  2.7
Earth Magic    | 2 4 |  4.4
Necromancy     | 1 3 |  3.6
Bows           | |  1.1
Throwing       | |  1.0
Unarmed Combat | |  1.0

Action                   |  1- 3 |  4- 6 |  7- 9 | 10-12 | 13-15 | 16-18 | 19-21 || total
-------------------------+-------+-------+-------+-------+-------+-------+-------++-------
Melee: Dagger            |    25 |       |       |       |       |       |       ||    25
       Punch             |     1 |       |       |       |       |       |       ||     1
       Short sword       |    21 |       |       |       |       |       |       ||    21
       Whip              |    25 |    80 |   179 |   479 |   534 |   292 |       ||  1589
       Hunting sling     |       |       |       |       |     2 |       |       ||     2
       Flail             |       |       |       |       |       |   403 |       ||   403
       Eveningstar       |       |       |       |       |       |    40 |   670 ||   710
 Fire: Hunting sling     |    36 |    88 |    91 |   379 |  1205 |  1415 |  1232 ||  4446
Throw: Boomerang         |     2 |       |     2 |     9 |       |       |       ||    13
       Dart              |       |       |       |    14 |       |     3 |     2 ||    19
       Throwing net      |       |       |       |     4 |       |       |       ||     4
Invok: Sacrifice Artific |       |     1 |       |       |       |       |       ||     1
       Sacrifice Arcana  |       |       |     1 |       |       |       |       ||     1
       Sacrifice Health  |       |       |       |     1 |       |       |       ||     1
       Apocalypse        |       |       |       |     5 |     6 |     7 |     3 ||    21
       Power Leap        |       |       |       |     4 |     4 |     5 |     3 ||    16
       Reject Sacrifices |       |       |       |     1 |     1 |       |       ||     2
       Sacrifice Stealth |       |       |       |       |     1 |       |       ||     1
       Sacrifice Essence |       |       |       |       |       |     1 |       ||     1
       Draw Out Power    |       |       |       |       |       |     2 |     1 ||     3
       Sacrifice Purity  |       |       |       |       |       |     1 |       ||     1
  Use: Scroll            |     3 |     5 |     7 |    10 |    11 |    16 |     7 ||    59
       Potion            |       |     1 |     2 |     5 |       |     3 |     3 ||    14
 Stab: Invisible         |       |       |       |     5 |     3 |    14 |     3 ||    25
       Sleeping          |       |       |       |     3 |       |       |       ||     3
       Distracted        |       |       |       |     3 |     7 |     3 |     2 ||    15
       Held in net/web   |       |       |       |     5 |       |       |       ||     5
       Paralysed         |       |       |       |       |    14 |     5 |    21 ||    40
Armor: Ring mail         |    26 |    23 |    42 |    84 |       |       |       ||   175
       Troll leather arm |       |       |       |       |    82 |       |       ||    82
       Scale mail        |       |       |       |       |    14 |   142 |   112 ||   268
Dodge: Dodged            |    40 |    60 |   111 |   226 |   456 |   542 |   409 ||  1844
Block: Buckler           |       |       |    15 |   107 |   179 |    55 |       ||   356
       Kite shield       |       |       |       |       |       |   448 |   493 ||   941
       Reflection        |       |       |       |       |       |    46 |    76 ||   122
